Map: Ever Dream LE

Players

soul - Winner!

  • Race: Terran Terran
  • League: Grandmaster
  • Spawn Location: 1:00

DnS

  • Race: Protoss Protoss
  • League: Grandmaster
  • Spawn Location: 7:00

Event: StayAtHomestory Cup #1

VOD

Have the link to the VOD?

Description

Time

  • Played on: April 10, 2020, 6:08 p.m.
  • Length: 29:14

All games in this series

Show
View Real Time Build Order
Export as new Build Order

soul Terran - Winner!

Build Orders:  

Get SALT Encoding   

  12  0:01  SCV  
  13  0:13  SCV  
  14  0:17  Supply Depot  
  14  0:25  SCV  
  15  0:38  SCV  
  15  0:40  Barracks  
  16  0:45  Refinery  
  16  0:50  SCV  
  17  1:02  SCV  
  18  1:15  SCV  
  19  1:27  Orbital Command, Marine  
  20  1:45  Reaper  
  21  1:50  Command Center  
  21  1:53  SCV  
  22  2:01  Supply Depot  
  22  2:05  SCV  
  23  2:10  Bunker  
  23  2:18  Barracks Reactor  
  23  2:22  Refinery  
  23  2:23  SCV  
  23  2:27  Factory  
  24  2:35  SCV  
  25  2:47  SCV  
  26  2:57  Marine x2  
  27  2:59  SCV  
  27  3:03  Orbital Command  
  28  3:11  SCV  
  28  3:12  Starport, Widow Mine  
  31  3:15  Marine x2  
  33  3:23  SCV  
  34  3:28  SCV  
  34  3:32  Marine  
  34  3:34  Widow Mine  
  38  3:35  SCV  
  38  3:37  Armory  
  38  3:40  SCV  
  40  3:42  Marine  
  33  3:48  Viking  
  41  3:49  SCV  
  41  3:52  SCV  
  45  3:56  Supply Depot  
  45  4:00  Supply Depot  
  45  4:02  SCV  
  46  4:03  Factory Tech Lab  
  46  4:04  SCV  
  46  4:06  Supply Depot  
  46  4:18  SCV  
  46  4:20  SCV  
  46  4:25  Drilling Claws  
  46  4:30  SCV  
  47  4:32  SCV  
  47  4:36  Command Center  
  47  4:37  Cyclone  
  51  4:42  SCV  
  51  4:44  Marine x2  
  51  4:45  SCV  
  55  4:51  Supply Depot  
  55  4:52  Medivac  
  57  4:54  SCV  
  57  4:56  Supply Depot  
  57  4:57  SCV  
  59  5:02  Marine x2  
  59  5:07  SCV  
  62  5:09  SCV  
  62  5:13  Widow Mine, Barracks x2  
  65  5:19  SCV, Supply Depot  
  66  5:27  SCV, Marine  
  66  5:28  Refinery  
  68  5:29  Refinery  
  68  5:31  Medivac  
  68  5:32  SCV  
  68  5:34  Widow Mine  
  73  5:39  SCV  
  73  5:41  Engineering Bay  
  74  5:43  Engineering Bay  
  74  5:44  SCV  
  74  5:49  Marine x2  
  77  5:51  SCV  
  77  5:53  Orbital Command  
  78  5:57  Siege Tank  
  78  5:58  SCV  
  78  6:03  SCV  
  83  6:07  Barracks Tech Lab x2  
  83  6:14  Missile Turret  
  83  6:22  SCV x2, Barracks  
  83  6:24  Barracks  
  85  6:25  Combat Shield, Stimpack  
  85  6:27  Marauder, Marine  
  85  6:31  Marine  
  88  6:34  SCV x2  
  88  6:36  Orbital Command  
  90  6:40  Missile Turret  
  90  6:41  Starport Reactor  
  90  6:43  Terran Infantry Weapons Level 1, Terran Infantry Armor Level 1  
  90  6:46  SCV  
  90  6:47  SCV  
  92  6:52  Supply Depot  
  92  6:53  Supply Depot  
  92  6:55  Factory Reactor  
  92  6:59  SCV x2  
  94  7:02  SCV  
  94  7:05  Supply Depot  
  94  7:06  Marauder x2  
  99  7:09  Marine  
  99  7:10  Barracks Reactor  
  99  7:11  SCV x2  
  99  7:13  Barracks Tech Lab  
  99  7:14  SCV  
  103  7:19  Medivac  
  103  7:22  Medivac  
  107  7:23  SCV x2  
  107  7:26  SCV  
  107  7:27  Marauder x2  
  107  7:28  Supply Depot  
  107  7:29  Supply Depot  
  114  7:31  Marauder, Marine  
  114  7:35  SCV  
  114  7:37  Widow Mine  
  114  7:40  Marine  
  114  7:44  Widow Mine  
  113  7:46  Marine  
  113  7:48  Marauder x2  
  113  7:50  Refinery x2  
  118  7:52  Supply Depot x2  
  118  7:53  Marauder  
  120  8:01  Marine  
  120  8:03  SCV x2  
  120  8:05  Concussive Shells  
  123  8:06  Armory, Ghost Academy  
  123  8:08  Widow Mine  
  123  8:10  Marauder x2  
  123  8:12  Medivac  
  132  8:14  Marauder  
  132  8:15  SCV x2  
  132  8:17  Widow Mine  
  136  8:28  Command Center  
  136  8:29  Widow Mine  
  136  8:30  SCV x3, Marine  
  136  8:31  Marauder, Marine x2  
  136  8:32  Marine  
  146  8:42  SCV x2  
  146  8:47  Viking x2  
  152  8:51  Enhanced Shockwaves, Ghost  
  152  8:52  Marine  
  155  8:56  Starport  
  155  9:00  Ghost  
  155  9:02  Ghost  
  159  9:08  Marine  
  160  9:11  Marine  
  160  9:12  Marine  
  160  9:16  Widow Mine x2  
  160  9:17  Marine  
  159  9:19  Viking  
  159  9:21  Marauder  
  164  9:26  Marine  
  165  9:38  Marauder  
  165  9:39  Marine  
  165  9:42  Marine x2  
  165  9:43  Marauder x2  
  165  9:44  Marine  
  157  9:48  SCV x2  
  157  9:49  SCV  
  160  9:54  Factory Reactor, Terran Infantry Armor Level 2, Command Center, Terran Infantry Weapons Level 2  
  160  9:57  Marine  
  160  9:59  Viking, Marauder  
  163  10:00  SCV  
  164  10:09  Terran Ship Weapons Level 1  
  164  10:25  Supply Depot x2  
  164  10:26  Viking x2, Unknown  
  164  10:27  SCV, Marauder x2  
  173  10:31  Fusion Core  
  173  10:42  SCV, Marine  
  173  10:45  SCV, Marauder  
  173  10:48  Marauder x2  
  158  10:51  Marine  
  158  10:53  Marine  
  158  10:54  Marine  
  150  10:59  Marine  
  138  11:05  Medivac x4  
  138  11:07  Planetary Fortress  
  138  11:09  Marauder, Marine  
  138  11:11  Marine  
  142  11:12  Ghost, Marine  
  142  11:16  Ghost  
  142  11:17  Marine  
  136  11:21  Advanced Ballistics  
  136  11:24  Widow Mine x2  
  140  11:27  Marine  
  140  11:28  Marine  
  140  11:30  Marine  
  140  11:31  Marauder  
  145  11:35  Marine  
  145  11:38  Barracks  
  145  11:41  Marauder, Barracks x2  
  145  11:45  Marauder, Marine  
  145  11:46  Marine  
  151  11:50  Liberator  
  151  11:52  Marauder  
  156  11:58  Widow Mine x2  
  159  12:02  Ghost  
  159  12:06  Command Center  
  163  12:13  Liberator x3  
  174  12:19  Widow Mine  
  174  12:20  Widow Mine  
  173  12:33  Ghost x3, Liberator  
  173  12:34  Barracks Tech Lab  
  173  12:41  Sensor Tower  
  172  12:47  Ghost  
  174  12:56  Liberator  
  170  13:07  Marine  
  170  13:08  Marauder x2, Marine  
  170  13:11  Viking  
  163  13:13  Ghost x2, Marine  
  163  13:14  Marine  
  163  13:16  Ghost  
  171  13:22  SCV x2  
  171  13:23  SCV x2  
  171  13:25  Marine, Liberator  
  171  13:26  Marine  
  180  13:29  Marauder  
  180  13:30  Marauder  
  180  13:31  Marine  
  180  13:33  Marine  
  184  13:34  SCV  
  184  13:35  SCV x3, Liberator  
  191  13:42  Marauder  
  191  13:47  SCV, Liberator  
  189  13:50  Liberator  
  185  13:58  Planetary Fortress  
  185  13:59  Refinery, Marine  
  185  14:01  Refinery  
  180  14:04  Marauder, Marine  
  180  14:09  Liberator  
  183  14:18  Liberator  
  189  14:30  Marauder x4  
  193  14:40  Marauder, Marine  
  193  14:43  Medivac  
  194  14:46  Terran Infantry Weapons Level 3  
  194  14:50  Liberator  
  189  14:55  Marauder  
  191  15:01  Marine  
  191  15:02  Marauder  
  191  15:05  Marine  
  191  15:06  Marauder  
  191  15:07  Marauder, Marine  
  200  15:18  Marauder, Marine  
  200  15:19  Marauder, Marine  
  171  15:23  Marine  
  171  15:24  Marauder  
  171  15:27  Marauder, Marine  
  162  15:28  Marauder  
  162  15:31  Liberator x2  
  162  15:34  Liberator  
  163  15:36  Marine  
  163  15:37  Marine  
  163  15:40  Marauder  
  169  15:44  Marine  
  169  15:47  Marine  
  175  15:56  Missile Turret  
  177  15:57  Command Center  
  177  15:58  Ghost x3  
  177  15:59  Marine x3  
  177  16:01  Marine  
  177  16:03  Widow Mine x2  
  183  16:05  Marine  
  183  16:10  Marine  
  185  16:17  Marine  
  185  16:18  Marauder  
  188  16:19  Marauder  
  188  16:24  Widow Mine  
  192  16:26  Widow Mine  
  192  16:28  Marauder  
  192  16:30  Command Center  
  198  16:48  Medivac x4  
  198  16:53  Starport  
  198  17:21  Marauder  
  199  17:30  Terran Infantry Armor Level 3  
  199  17:32  Liberator  
  190  17:40  Liberator  
  190  17:42  Marauder x3, Marine  
  178  17:44  Liberator  
  178  17:45  Liberator  
  176  17:54  Missile Turret  
  176  17:57  Missile Turret  
  176  17:58  Ghost x2  
  176  18:03  Ghost x3  
  176  18:04  Missile Turret  
  176  18:05  Refinery  
  186  18:08  Refinery  
  186  18:10  Liberator  
  187  18:15  Liberator  
  187  18:17  Marine  
  191  18:21  Barracks Tech Lab  
  191  18:23  Liberator  
  194  18:27  Ghost x2  
  194  18:32  Marauder  
  194  18:34  Armory  
  200  18:43  Personal Cloaking  
  200  18:45  Terran Ship Weapons Level 2  
  197  19:17  Marauder, Marine  
  199  19:21  Planetary Fortress  
  200  19:24  Sensor Tower  
  200  19:27  Command Center  
  197  19:37  Command Center  
  194  19:47  Viking x3, Starport Reactor  
  200  19:55  Ghost Academy  
  200  20:09  Nuke  
  200  20:21  Viking  
  197  20:22  Viking  
  199  20:28  Marine  
  199  20:30  Marine  
  185  20:37  Liberator  
  185  20:40  Liberator  
  185  20:41  Marine, Liberator x2  
  185  20:42  Marauder x6, Marine  
  192  20:46  Marine  
  192  20:48  Marine  
  190  20:50  Liberator  
  190  20:52  Liberator  
  196  20:59  Marine x2  
  196  21:03  Marauder  
  185  21:19  Liberator  
  185  21:23  Liberator x2  
  185  21:24  Liberator  
  196  21:34  Viking  
  196  21:37  Ghost  
  196  21:39  Refinery  
  189  21:43  Refinery  
  189  21:46  Viking  
  185  21:50  Ghost  
  167  22:00  Marine  
  176  22:04  Marine x2  
  180  22:18  Marine  
  176  22:24  Planetary Fortress  
  176  22:27  Marauder, Marine x3  
  176  22:28  Marauder x5  
  194  22:30  Medivac  
  194  22:31  Medivac x5  
  194  22:36  Marine  
  189  22:45  Marine x3  
  189  22:48  Marine x4  
  198  23:12  Medivac  
  198  23:21  Medivac  
  197  23:31  Terran Ship Weapons Level 3, Nuke  
  195  23:36  Viking x4  
  195  23:38  Command Center  
  192  23:42  Viking  
  194  23:51  Viking  
  196  23:59  Command Center  
  193  24:06  Viking x3  
  184  24:32  Marine  
  184  24:33  Marauder, Marine  
  184  24:34  Marauder  
  161  24:38  Marine  
  161  24:39  Marauder  
  161  24:42  Marauder, Marine  
  161  24:43  Liberator  
  161  24:44  Marine  
  158  24:46  Marauder  
  158  24:50  Marine  
  158  24:51  Marine  
  151  24:54  Orbital Command  
  151  24:55  Marine  
  137  25:16  Barracks x2  
  137  25:17  Barracks  
  137  25:19  Barracks x3  
  137  25:20  Barracks  
  131  25:26  Planetary Fortress  
  117  25:34  Planetary Fortress, Missile Turret  
  103  26:00  Supply Depot x2  
  103  26:01  Supply Depot  
  101  26:05  Barracks, Barracks Tech Lab x2  
  101  26:06  Barracks Tech Lab x2  
  101  26:07  Marine x2, Barracks x3  
  101  26:09  Barracks x2  
  103  26:14  Missile Turret  
  103  26:18  Widow Mine  
  105  26:24  Marine  
  105  26:25  Marauder, Marine  
  111  26:26  Marauder x3  
  108  26:39  Widow Mine  
  107  26:42  Marine x2  
  107  26:46  Marine  
  91  26:47  Marauder x3  
  81  27:09  Ghost x4  
  81  27:10  Marine x2  
  76  27:18  Marine x5  
  76  27:21  Marine  
  82  27:25  Widow Mine  
  82  27:28  Marine x3  
  87  27:36  Marine x2  
  89  27:41  Marine  
  89  27:43  Marine x3  
  89  27:44  Marauder x4  
  100  27:45  Marine x2  
  100  27:46  Marine  
  103  27:53  Marine  
  103  27:54  Marine  
  105  27:59  Marine  
  105  28:00  Starport  
  105  28:01  Marine x3  
  105  28:05  Marauder x4  
  112  28:13  Marine  
  112  28:17  Marine  
  110  28:20  Marine  
  110  28:23  Marine  
  110  28:26  Marauder x4  
  91  28:29  Marine  
  91  28:30  Marine  
  71  28:36  Marine  
  71  28:37  Marine  
  60  28:43  Marine  
  60  28:47  Marine  
  60  28:48  Marauder x4  
  62  28:49  Marine  
  62  28:50  Marine x3  
  62  28:54  Marine  
  62  28:55  Marine  
Show
View Real Time Build Order
Export as new Build Order

DnS Protoss 

Build Orders: 1 Gate Expand, Oracle Opening 

Get SALT Encoding   

  12  0:00  Probe  
  13  0:12  Probe  
  14  0:17  Pylon  
  14  0:24  Probe (Chrono Boost)  
  16  0:36  Probe (Chrono Boost), Gateway  
  16  0:43  Probe (Chrono Boost)  
  16  0:46  Assimilator  
  17  0:51  Probe  
  18  1:03  Probe  
  19  1:15  Probe  
  20  1:23  Cybernetics Core  
  20  1:33  Nexus  
  20  1:36  Probe  
  21  1:46  Pylon  
  21  1:48  Probe  
  21  1:53  Assimilator  
  22  2:01  Adept (Chrono Boost)  
  22  2:02  Probe  
  25  2:14  Probe  
  26  2:21  Stargate  
  25  2:23  Adept (Chrono Boost)  
  25  2:26  Probe  
  28  2:38  Probe  
  29  2:49  Probe (Chrono Boost)  
  31  2:52  Probe (Chrono Boost)  
  31  2:57  Adept  
  32  3:02  Probe (Chrono Boost)  
  32  3:03  Oracle (Chrono Boost)  
  37  3:06  Warp Gate  
  37  3:07  Probe (Chrono Boost)  
  37  3:08  Probe (Chrono Boost)  
  38  3:14  Probe  
  38  3:15  Pylon  
  38  3:16  Probe  
  40  3:26  Probe  
  41  3:28  Probe  
  42  3:36  Oracle (Chrono Boost)  
  42  3:38  Probe, Gateway  
  46  3:42  Gateway  
  46  3:44  Probe  
  47  3:51  Probe, Pylon  
  48  3:56  Probe  
  49  4:03  Probe  
  49  4:08  Probe  
  51  4:15  Probe  
  52  4:21  Probe, Oracle (Chrono Boost)  
  56  4:27  Probe  
  57  4:31  Pylon  
  57  4:33  Probe  
  57  4:34  Nexus  
  57  4:35  Assimilator  
  57  4:37  Assimilator  
  58  4:39  Probe, Pylon  
  59  4:47  Probe  
  59  4:51  Probe  
  61  4:55  Stalker x3  
  61  4:58  Shield Battery  
  68  5:01  Probe (Chrono Boost)  
  68  5:03  Probe (Chrono Boost)  
  69  5:10  Robotics Facility  
  70  5:16  Phoenix  
  70  5:17  Probe (Chrono Boost)  
  70  5:18  Probe (Chrono Boost)  
  70  5:20  Forge  
  73  5:22  Twilight Council  
  73  5:24  Probe  
  74  5:32  Stalker, Sentry  
  78  5:40  Pylon  
  78  5:45  Probe  
  78  5:46  Probe  
  78  5:47  Probe  
  81  5:50  Protoss Ground Weapons Level 1 (Chrono Boost)  
  81  5:52  Pylon  
  81  5:56  Photon Cannon  
  81  5:58  Probe x2  
  81  5:59  Probe, Observer  
  81  6:01  Blink  
  81  6:03  Pylon  
  85  6:06  Robotics Bay  
  85  6:10  Probe x2  
  87  6:12  Probe  
  87  6:15  Pylon  
  88  6:22  Probe x2  
  88  6:23  Gateway  
  88  6:25  Gateway  
  90  6:27  Probe  
  90  6:29  Gateway  
  90  6:30  Gateway  
  91  6:33  Gateway  
  91  6:34  Probe  
  91  6:39  Photon Cannon, Observer  
  93  6:42  Probe x2  
  93  6:44  Assimilator  
  93  6:45  Assimilator  
  93  6:46  Photon Cannon  
  95  6:51  Stalker  
  95  6:52  Stalker  
  95  6:53  Probe  
  100  6:54  Sentry  
  100  6:57  Colossus (Chrono Boost)  
  108  7:07  Photon Cannon  
  108  7:11  Pylon  
  108  7:19  Stalker x4  
  113  7:25  Pylon  
  113  7:27  Robotics Facility  
  103  7:48  Probe (Chrono Boost)  
  103  7:50  Pylon  
  103  7:51  Colossus (Chrono Boost)  
  106  7:54  Probe (Chrono Boost)  
  106  7:55  Probe (Chrono Boost)  
  106  7:57  Probe (Chrono Boost)  
  113  8:01  Probe (Chrono Boost)  
  113  8:02  Probe (Chrono Boost)  
  113  8:04  Probe  
  115  8:10  Forge  
  115  8:12  Probe  
  117  8:13  Probe  
  117  8:16  Probe  
  117  8:18  Colossus (Chrono Boost)  
  119  8:24  Probe  
  119  8:25  Probe  
  127  8:36  Colossus (Chrono Boost)  
  133  8:41  Stalker x2  
  133  8:42  Sentry, Zealot x2  
  133  8:43  Sentry  
  133  8:44  Nexus  
  145  8:55  Protoss Ground Weapons Level 2 (Chrono Boost)  
  145  8:58  Stalker x2  
  145  9:01  Pylon  
  149  9:03  Pylon  
  149  9:09  Pylon  
  149  9:11  Pylon  
  149  9:18  Disruptor (Chrono Boost)  
  152  9:29  Stalker x6  
  167  9:34  Disruptor (Chrono Boost)  
  164  9:45  Probe  
  157  9:52  Pylon  
  157  9:53  Warp Prism (Chrono Boost)  
  157  9:56  Probe x2  
  157  9:57  Probe, Pylon  
  157  9:58  Observer  
  162  10:00  Forge x2  
  162  10:03  Twilight Council  
  162  10:08  Probe x3  
  162  10:09  Probe, Photon Cannon  
  162  10:12  Pylon  
  162  10:13  Pylon  
  166  10:16  Disruptor  
  166  10:20  Probe  
  170  10:22  Disruptor  
  173  10:29  Pylon  
  173  10:34  Protoss Ground Armor Level 1 (Chrono Boost)  
  173  10:43  Charge  
  156  10:51  Disruptor  
  138  10:57  Stalker x7  
  136  11:05  Colossus (Chrono Boost), Protoss Ground Weapons Level 3 (Chrono Boost)  
  136  11:21  Sentry x2  
  136  11:22  Zealot x5  
  156  11:34  Colossus (Chrono Boost)  
  156  11:44  Protoss Shields Level 1 (Chrono Boost)  
  156  11:46  Zealot x7  
  170  11:53  Probe  
  169  11:54  Probe  
  167  12:08  Zealot x7  
  178  12:30  Disruptor  
  178  12:31  Disruptor  
  178  12:34  Stalker x2, Zealot x5  
  186  12:38  Assimilator  
  186  12:39  Assimilator  
  184  12:48  Nexus  
  184  12:53  Templar Archives  
  184  12:54  Photon Cannon  
  184  12:58  Pylon  
  150  13:14  Disruptor x2  
  150  13:17  Zealot x7  
  170  13:25  Photon Cannon  
  170  13:27  Photon Cannon  
  170  13:28  Shield Battery, Photon Cannon  
  168  13:38  Stalker x5  
  168  13:39  Stalker  
  150  13:58  Probe  
  150  13:59  Probe x2  
  150  14:02  High Templar x4  
  157  14:04  Protoss Ground Armor Level 2 (Chrono Boost)  
  157  14:07  Stalker x3  
  167  14:10  Archon x2  
  167  14:13  Protoss Shields Level 2 (Chrono Boost)  
  167  14:14  Probe  
  168  14:22  Pylon  
  169  14:24  Probe x2, Pylon  
  169  14:25  Probe  
  171  14:33  Observer  
  163  14:45  Stalker  
  163  14:46  Stalker x6  
  173  14:58  Gateway  
  173  15:00  Gateway  
  173  15:08  Zealot x2  
  173  15:09  Zealot x5  
  129  15:29  Observer  
  129  15:30  High Templar  
  129  15:31  High Templar x4  
  129  15:32  High Templar x2  
  129  15:34  Archon  
  129  15:35  Archon x2  
  141  15:41  Colossus x2 (Chrono Boost)  
  141  15:46  Pylon  
  153  15:55  High Templar x2  
  157  16:01  Photon Cannon  
  157  16:02  Archon  
  157  16:06  Sentry  
  157  16:07  Stalker x6  
  157  16:08  Stalker  
  173  16:13  Probe, Nexus  
  173  16:14  Probe x3  
  174  16:29  Stalker x3  
  180  16:36  Stalker  
  179  17:01  Observer x2  
  179  17:04  Fleet Beacon, Stargate  
  179  17:07  Probe  
  180  17:10  Unknown  
  178  17:17  Zealot  
  178  17:18  Zealot x6  
  182  17:27  Zealot x4  
  171  17:39  Probe  
  171  17:40  Probe x3  
  167  17:51  Probe  
  167  17:52  Probe  
  167  17:53  Pylon  
  167  17:55  Tempest x2 (Chrono Boost), Pylon  
  167  17:56  Pylon  
  178  18:11  Zealot x4  
  178  18:12  Pylon  
  186  18:20  Stalker x2  
  194  18:33  Tempest  
  199  18:38  Tempest  
  198  18:43  Dark Shrine  
  198  18:45  Gateway  
  198  18:47  Gateway  
  193  19:13  Photon Cannon  
  193  19:14  Photon Cannon  
  193  19:16  Photon Cannon  
  193  19:18  Shield Battery  
  193  19:19  Tempest (Chrono Boost), Pylon  
  198  19:46  Protoss Ground Armor Level 3  
  192  19:59  Pylon  
  191  20:04  Pylon  
  191  20:06  Nexus  
  191  20:10  Protoss Air Weapons Level 1 (Chrono Boost)  
  187  20:21  Stalker x2  
  187  20:27  Dark Templar x3  
  187  20:28  Dark Templar  
  180  20:36  Stalker x4  
  187  20:49  Dark Templar  
  188  20:50  Dark Templar  
  187  21:01  Tempest (Chrono Boost)  
  187  21:02  Zealot, Dark Templar x2  
  187  21:03  Zealot  
  167  21:24  Stalker x3  
  173  21:30  Probe x3  
  172  21:53  Pylon x2  
  159  21:59  Immortal x2 (Chrono Boost)  
  157  22:10  Zealot x5  
  157  22:12  Probe x3  
  157  22:13  Probe  
  167  22:16  Archon  
  167  22:18  Archon  
  167  22:24  Probe x3  
  167  22:29  Assimilator  
  170  22:30  Observer x2 (Chrono Boost)  
  170  22:31  Assimilator  
  170  22:36  Zealot x8  
  173  22:56  Stalker  
  173  22:57  Stalker x3, Zealot  
  173  22:58  Zealot x2  
  185  23:22  Probe (Chrono Boost)  
  188  23:28  Probe x2 (Chrono Boost), Stalker x2  
  188  23:31  Probe (Chrono Boost)  
  191  23:35  Probe (Chrono Boost)  
  192  23:47  Stalker  
  194  23:56  Stalker  
  191  24:22  Dark Templar x2  
  191  24:23  Zealot x4  
  108  25:12  Dark Templar  
  108  25:26  Observer  
  74  27:23  Probe (Chrono Boost)  
  71  28:00  Probe  
Tags
 
Add a new tag
Caveats
  • Supply blocks, unpowered buildings, or Contaminate may cause inaccurate times.
  • Supply counts are checked every 10 seconds.